 Dungeon Crawl Stone Soup version 0.27.0-1-g7a089689b8 (webtiles) character file.

Game seed: 11858120831729059881

233 horus123 the Grave Robber (level 5, -11/28 HPs)
             Began as a Deep Elf Necromancer on Aug 15, 2021.
             Mangled by an ogre (24 damage)
             ... on level 4 of the Dungeon.
             The game lasted 00:10:45 (4404 turns).

horus123 the Grave Robber (Deep Elf Necromancer)    Turns: 4404, Time: 00:10:45

Health: -11/28     AC:  3    Str:  5    XL:     5   Next: 74%
Magic:  8/15       EV: 12    Int: 27    God:
Gold:   164        SH:  0    Dex: 15    Spells: 1/15 levels left

rFire    + . .     SeeInvis .   r - +2 short sword (flame)
rCold    + . .     Faith    .   (no shield)
rNeg     + . .     Spirit   .   a - +1 robe
rPois    .         Reflect  .   (no helmet)
rElec    .         Harm     .   m - scarf {rC+ rF+}
rCorr    .         Rampage  .   (no gloves)
Will     .....                  (no boots)
Stlth    ++........             e - amulet of regeneration
HPRegen  1.09/turn              c - ring of positive energy
MPRegen  0.14/turn              l - +6 ring of intelligence

@: very slightly contaminated
A: no striking features
a: no special abilities


You were on level 4 of the Dungeon.
You visited 1 branch of the dungeon, and saw 4 of its levels.

You collected 164 gold pieces.

Inventory:

Hand Weapons
 f - a +0 dagger of venom
 r - a +2 short sword of flaming (weapon)
Missiles
 n - 2 throwing nets
Armour
 a - a +1 robe (worn)
 m - a scarf of resistance (worn)
Magical Staves
 j - a staff of poison
Jewellery
 b - an amulet of the acrobat
 c - a ring of positive energy (left hand)
 d - a ring of fire
 e - an amulet of regeneration (around neck)
 i - a ring of fire
 l - a +6 ring of intelligence (right hand)
Wands
 h - a wand of paralysis (9)
Potions
 g - a potion of mutation {unknown}
 k - 2 potions of heal wounds {unknown}
 o - 2 potions of flight {unknown}
 p - a potion of invisibility {unknown}
 q - a potion of brilliance {unknown}


   Skills:
 + Level 0.1 Fighting
 + Level 0.6 Short Blades
 + Level 2.5 Dodging
 + Level 2.8 Stealth
 * Level 5.8 Spellcasting
 * Level 6.8 Necromancy


You had one spell level left.
You knew the following spells:

 Your Spells              Type           Power      Damage    Failure   Level
a - Pain                  Necr           100%       1d9       1%          1
b - Animate Skeleton      Necr           88%        N/A       1%          1
c - Vampiric Draining     Necr           22%        2d9       1%          3
d - Animate Dead          Necr           22%        N/A       4%          4
e - Agony                 Necr           44%        N/A       11%         5

Your spell library contained the following spells:

 Spells                   Type           Power      Damage    Failure   Level


Dungeon Overview and Level Annotations

Branches:
Dungeon (4/15)
 Temple: D:4-7

Altars:
The Shining One

Annotations:
D:4 3 runed translucent doors, dndnerd's ghost, amateur DrHu


Message History

Things that are here:
a +0 hand axe; an orc corpse
There is an escape hatch in the ceiling here.
A kobold comes into view.
It is wielding a +2 short sword of flaming.
The kobold writhes in agony.
You kill the kobold!
Things that are here:
a +2 short sword of flaming; 2 stones
r - a +2 short sword of flaming Your +0 dagger of venom stops dripping with poison.
Your +2 short sword of flaming bursts into flame!
r - a +2 short sword of flaming (weapon)
Found 22 stones.
k - 2 cyan potions (gained 1)
You see here 22 stones.
You see here a hobgoblin skeleton.
An ogre comes into view. It is wielding a +0 giant club.
You can't see any susceptible monsters within range! (Use Z to cast anyway.)
Okay, then.
This spell is extremely dangerous to cast!
Memorise Agony, consuming 5 spell levels and leaving 1?
You start memorising the spell.
You continue memorising. x5
You finish memorising.
Spell assigned to 'e'.
The ogre shouts!
The ogre barely resists.
The ogre writhes in agony.
The ogre writhes in agony.
The ogre writhes in agony.
The ogre hits you with a +0 giant club!
Ouch! That really hurt!
Casting: Pain (safe; 1% risk of failure)
Confirm with . or Enter, or press ? or * to list all spells.
Aiming: Vampiric Draining (safe; 1% risk of failure)
Press: ? - help, Shift-Dir - straight line, f/p - ogre
Aim: an ogre, wielding a +0 giant club (moderately wounded)
You miscast Vampiric Draining.
You are very lightly contaminated with residual magic.
Nothing appears to happen.
The ogre hits you with a +0 giant club!!
Ouch! That really hurt!
You die...

..## #.# ### #.#
#.# #.# #.#
#######.##### #.#
............# #.#
#######.###.# ##.#
##.## ..#######
#...#######.O......
#.#........@#
#...######### #####


You could see an ogre.

Vanquished Creatures
  A crimson imp (D:4)
  An iguana (D:3)
  An orc wizard (D:4)
  4 gnolls (D:4)
  2 worms
  A dart slug (D:1)
  6 orcs
  7 bats
  11 endoplasms
  2 giant cockroaches (D:1)
  8 goblins
  7 hobgoblins
  7 jackals
  2 quokkas
  8 ball pythons
  3 frilled lizards
  4 hobgoblin zombies (D:4)
  7 kobolds
  A kobold zombie (D:4)
  2 orc skeletons (D:4)
  2 orc zombies (D:4)
  7 rats
94 creatures vanquished.

Vanquished Creatures (collateral kills)
  A hobgoblin zombie (D:4)
  A kobold skeleton (D:4)
2 creatures vanquished.

Grand Total: 96 creatures vanquished

Notes
Turn   | Place    | Note
-------+----------+-------------------------------------------
     0 | D:1      | horus123 the Deep Elf Necromancer began the quest for the
                  | Orb.
     0 | D:1      | Reached XP level 1. HP: 10/10 MP: 6/6
     2 | D:1      | Learned a level 1 spell: Animate Skeleton
   237 | D:1      | Reached skill level 5 in Necromancy
   722 | D:1      | Reached XP level 2. HP: 12/15 MP: 5/8
  1305 | D:1      | Reached XP level 3. HP: 12/19 MP: 2/10
  1309 | D:1      | Learned a level 3 spell: Vampiric Draining
  2477 | D:2      | Found a faded altar of an unknown god.
  2948 | D:3      | Reached XP level 4. HP: 24/24 MP: 3/12
  3016 | D:3      | Learned a level 4 spell: Animate Dead
  3037 | D:3      | Reached skill level 6 in Necromancy
  3738 | D:4      | Found a runed translucent gate.
  3755 | D:4      | Found a runed translucent gate.
  3756 | D:4      | Found a runed translucent gate.
  3779 | D:4      | Reached skill level 5 in Spellcasting
  3858 | D:4      | Reached XP level 5. HP: 28/28 MP: 6/14
  4064 | D:4      | Noticed dndnerd's ghost (amateur DrHu)
  4132 | D:4      | Found a glowing golden altar of the Shining One.
  4387 | D:4      | Noticed an ogre
  4396 | D:4      | Learned a level 5 spell: Agony
  4404 | D:4      | Mangled by an ogre

Illustrated notes

Levels and vault maps discovered:
D:1:      wander_arrival_lonely_grave, layout_loops_corners
D:2:      layout_basic, ebering_ecumenical_altar_hall, minmay_tromino_v2
D:3:      layout_basic, minmay_misc_feat_roman
D:4:      layout_loops_ring, nicolae_tso_besieged_by_evil, kennysheep_mini_moat,
          bloody_trog, gammafunk_ghost_icy

Skill      XL: |  1  2  3  4 |
---------------+-------------+-----
Necromancy     | 5 6 |  6.8
Spellcasting   | 4 5 |  5.8
Fighting       | |  0.1
Short Blades   | |  0.6
Dodging        | |  2.5
Stealth        | |  2.8

Action                   |  1- 3 |  4- 6 || total
-------------------------+-------+-------++-------
Melee: Dagger            |       |    93 ||    93
 Cast: Pain              |   105 |    63 ||   168
       Animate Skeleton  |     1 |       ||     1
       Animate Dead      |       |     2 ||     2
  Use: Scroll            |     3 |     2 ||     5
Armor: Robe              |     3 |    27 ||    30
Dodge: Dodged            |     4 |    57 ||    61
